 Dungeon Crawl Stone Soup version 0.22.1-1-ga44c0e56f4 (webtiles) character file.

2140 Peloso the Carver (level 9, -8/78 HPs)
             Began as a Minotaur Fighter on Oct 18, 2018.
             Was a Believer of Okawaru.
             Killed from afar by Dommiel19's ghost (19 damage)
             ... with a bolt of lightning
             ... on level 6 of the Dungeon.
             The game lasted 00:10:41 (4973 turns).

Peloso the Carver (Minotaur Fighter)                Turns: 4973, Time: 00:10:45

Health: -8/78      AC: 11    Str: 23    XL:     9   Next: 9%
Magic:  6/8        EV: 16    Int:  5    God:    Okawaru [**....]
Gold:   271        SH: 13    Dex: 14    Spells: 8/8 levels left

rFire    . . .     SeeInvis .   a - +3 scimitar (freeze) (curse)
rCold    . . .     Gourm    .   c - +0 shield
rNeg     . . .     Faith    +   q - +4 ring mail "Gahozyer" {MR+ rCorr Dex+3}
rPois    .         Spirit   .   (helmet restricted)
rElec    .         Reflect  .   (no cloak)
rCorr    +         Harm     .   (no gloves)
MR       +....                  (no boots)
Stlth    ++++......             b - amulet of faith
HPRegen  0.23/turn              o - ring of stealth
MPRegen  0.11/turn              x - +1 ring of evasion

@: heroism
A: retaliatory headbutt, horns 2
a: Heroism, Renounce Religion


You were on level 6 of the Dungeon.
You worshipped Okawaru.
Okawaru was pleased with you.
You were not hungry.

You visited 1 branch of the dungeon, and saw 6 of its levels.
You also visited: Sewer.

You collected 271 gold pieces.

Inventory:

Hand Weapons
 a - a cursed +3 scimitar of freezing (weapon)
Armour
 c - a +0 shield (worn)
 q - the +4 ring mail "Gahozyer" (worn) {MR+ rCorr Dex+3}
   (You found it on level 5 of the Dungeon)

   It affects your dexterity (+3).
   It affects your resistance to hostile enchantments.
   It provides partial protection from all sources of acid and corrosion.
Jewellery
 b - an amulet of faith (around neck)
 o - a ring of stealth (left hand)
 x - a +1 ring of evasion (right hand)
Scrolls
 d - a scroll of remove curse
 e - 4 scrolls of fear {unknown}
 g - 3 scrolls of identify
 j - 3 scrolls of teleportation
 k - a scroll of enchant weapon
 r - a scroll of brand weapon {unknown}
 s - a scroll of magic mapping {unknown}
 v - a scroll of random uselessness {unknown}
Potions
 h - 7 potions of curing
 i - 6 potions of heal wounds
 l - 4 potions of flight {unknown}
 m - 2 potions of agility {unknown}
 n - a potion of berserk rage
 p - a potion of brilliance {unknown}
 t - 2 potions of magic {unknown}
 u - a potion of mutation {unknown}
Comestibles
 f - 15 rations
 w - 4 chunks of flesh


   Skills:
 + Level 6.7(11.7) Fighting
 + Level 8.8(13.8) Long Blades
 + Level 6.8(11.8) Armour
 + Level 2.9(7.9) Dodging
 + Level 1.0(6.0) Stealth
 + Level 8.2(13.2) Shields


You had 8 spell levels left.
You didn't know any spells.
Your spell library contained the following spells:

 Spells                   Type           Power        Failure   Level  Hunger
 Sandblast                Erth           #.....       67%         1    ##.....
 Sting                    Conj/Pois      #...         67%         1    ##.....
 Passwall                 Tmut/Erth      #.......     82%         2    ###....
 Poisonous Vapours        Pois/Air       #.....       82%         2    ###....
 Mephitic Cloud           Conj/Pois/Air  #.......     96%         3    ####...
 Stone Arrow              Conj/Erth      #.....       96%         3    ####...
 Olgreb's Toxic Radiance  Pois           #.......     100%        4    #####..
 Petrify                  Tmut/Erth      #.......     100%        4    #####..
 Lee's Rapid Deconstruct  Erth           #.........   100%        5    ######.
 Venom Bolt               Conj/Pois      #.........   100%        5    ######.


Dungeon Overview and Level Annotations

Branches:
Dungeon (6/15)
 Temple: D:4-7

Altars:
Cheibriados
Fedhas
Hepliaklqana
Kikubaaqudgha
Nemelex Xobeh
Okawaru
Sif Muna
Xom
Zin

Annotations:
D:6 Dommiel19's ghost, novice TeAE


Innate Abilities, Weirdness & Mutations

You reflexively headbutt those who attack you in melee.
You have a pair of horns on your head.


Message History

The wyvern zombie is almost destroyed.
You slash the wyvern zombie!
You destroy the wyvern zombie!
Okawaru accepts your kill.
Dommiel19's ghost points at you and mumbles some strange words.
The zap hits the adder skeleton.
The zap hits you! x2
The zap hits the adder skeleton.
Unknown command.
You gain the combat prowess of a mighty hero.
You block the adder skeleton's attack.
Dommiel19's ghost waves its arms in wide circles.
The air twists around and strikes you!
You barely miss the adder skeleton. You headbutt the adder skeleton!
You destroy the adder skeleton!
Okawaru accepts your kill. Dommiel19's ghost casts a spell at you.
The bolt of lightning hits you!
* * * LOW HITPOINT WARNING * * *
The bolt of lightning hits you!
You die...

#.........# #....
#.........# #....
#.........# #....
#.........######....
#........)..........
#...................
#...................
######.###..........
#@................
###W''###.........
#.......#.........
##.....##.........
#.......#.........
...#
##..?(.##.........
...#
#..#.#..#.........
...#
#########.........
...# .........


You could see Dommiel19's ghost.

Vanquished Creatures
  2 phantoms
  A sky beast (D:5)
  An ice beast (D:4)
  3 ogres
  4 centaurs
  Blork the orc (D:6)
  A big kobold (Sewer)
  A bullfrog (D:4)
  A wyvern zombie (D:6)
  2 howler monkeys
  5 wights (D:6)
  A bullfrog skeleton (D:6)
  2 hounds
  3 orc priests
  A jelly (D:5)
  2 orc wizards
  A centaur skeleton (D:6)
  Jessica (D:2)
  An iguana (D:5)
  A spectral killer bee (D:6)
  A killer bee zombie (D:6)
  A hound zombie (D:5)
  A hound skeleton (D:6)
  3 gnolls (D:5)
  6 adders
  5 river rats
  3 oozes
  2 adder skeletons
  5 worms
  4 dart slugs
  5 leopard geckos
  10 orcs
  2 ball pythons
  6 giant cockroaches
  3 goblins
  7 hobgoblins
  11 jackals
  A quokka (D:3)
  5 bats
  6 frilled lizards
  7 kobolds
  A leopard gecko skeleton (D:4)
  A quokka skeleton (D:5)
  11 rats
142 creatures vanquished.

Notes
Turn   | Place    | Note
-------+----------+-------------------------------------------
     0 | D:1      | Peloso the Minotaur Fighter began the quest for the Orb.
     0 | D:1      | Reached XP level 1. HP: 19/19 MP: 0/0
   142 | D:1      | Found a sparkling altar of Nemelex Xobeh.
   177 | D:1      | Reached XP level 2. HP: 26/27 MP: 1/1
   577 | D:2      | Noticed Jessica
   588 | D:2      | Reached XP level 3. HP: 26/33 MP: 2/2
   593 | D:2      | Killed Jessica
   646 | D:2      | Found a snail-covered altar of Cheibriados.
   651 | D:2      | Reached XP level 4. HP: 26/40 MP: 3/3
   802 | D:2      | Found a deep blue altar of Sif Muna.
   808 | D:2      | Found a shimmering altar of Xom.
   809 | D:2      | Found a hazy altar of Hepliaklqana.
  1456 | D:3      | Found a blossoming altar of Fedhas.
  1494 | D:3      | Noticed a phantom
  1519 | D:3      | Killed a phantom
  1519 | D:3      | Reached XP level 5. HP: 27/47 MP: 4/4
  1818 | D:3      | Reached skill level 5 in Armour
  1835 | D:3      | Reached skill level 1 in Dodging
  1936 | D:3      | Reached skill level 5 in Shields
  2409 | D:4      | Reached XP level 6. HP: 46/53 MP: 5/5
  2418 | D:4      | Found an ancient bone altar of Kikubaaqudgha.
  2477 | D:4      | Reached skill level 5 in Long Blades
  2583 | D:4      | Noticed an ice beast
  2619 | D:4      | Found a glowing drain.
  2626 | Sewer    | Entered a sewer
  2776 | Sewer    | Reached XP level 7. HP: 48/60 MP: 6/6
  2798 | Sewer    | Found a white marble altar of Elyvilon.
  3111 | D:4      | Found a glowing silver altar of Zin.
  3292 | D:4      | Reached skill level 5 in Fighting
  3510 | D:5      | Entered Level 5 of the Dungeon
  3512 | D:5      | Found an iron altar of Okawaru.
  3530 | D:5      | Became a worshipper of Warmaster Okawaru
  3683 | D:5      | Got an encrusted ring mail
  3694 | D:5      | Identified the +4 ring mail "Gahozyer" {MR+ rCorr Dex+3}
                  | (You found it on level 5 of the Dungeon)
  3833 | D:5      | Reached * piety under Okawaru
  3833 | D:5      | Reached XP level 8. HP: 38/69 MP: 7/7
  4591 | D:6      | Reached ** piety under Okawaru
  4644 | D:6      | Noticed Blork the orc
  4645 | D:6      | Reached skill level 1 in Stealth
  4661 | D:6      | Killed Blork the orc
  4926 | D:6      | Found a runed gate.
  4932 | D:6      | Reached XP level 9. HP: 78/78 MP: 8/8
  4935 | D:6      | Found a runed gate.
  4936 | D:6      | Found a runed gate.
  4945 | D:6      | Noticed Dommiel19's ghost (novice TeAE)
  4973 | D:6      | Killed from afar by Dommiel19's ghost

Skill      XL: |  1  2  3  4  5  6  7  8 |
---------------+-------------------------+-----
Armour         | 4 5 6 |  6.8
Shields        | 4 5 7 8 |  8.2
Fighting       | 4 5 6 |  6.7
Long Blades    | 3 4 5 6 8 |  8.8
Dodging        | 1 2 |  2.9
Stealth        | 1 |  1.0

Action                   |  1- 3 |  4- 6 |  7- 9 || total
-------------------------+-------+-------+-------++-------
Melee: Long sword        |    47 |   209 |   134 ||   390
       Headbutt          |    10 |    23 |    42 ||    75
       Scimitar          |       |       |    52 ||    52
Invok: Heroism           |       |       |     1 ||     1
  Use: Scroll            |       |     4 |     1 ||     5
       Potion            |       |     1 |     1 ||     2
 Stab: Sleeping          |       |       |     1 ||     1
  Eat: Chunk             |       |     6 |     8 ||    14
Armor: Chain mail        |    33 |    97 |    14 ||   144
       Scale mail        |     1 |       |       ||     1
       Ring mail         |       |       |    41 ||    41
Dodge: Dodged            |    14 |    41 |    64 ||   119
Block: Shield            |    23 |   118 |   101 ||   242
       Rpst.: Long sword |     4 |    15 |     6 ||    25
       Scimitar          |       |       |     4 ||     4
